[Event "DFMM-LV 2023"]
[Site "Braunfels"]
[Date "2023.06.09"]
[Round "3.18"]
[White "Geske, Bruna"]
[Black "Meier, Annemarie"]
[Result "0-1"]
[Annotator "TA"]
[ECO "B22"]
[WhiteElo "2054"]
[BlackElo "2258"]
[PlyCount "118"]
[EventDate "2023.06.09"]
[EventType "team-tourn"]
[EventCountry "GER"]
[SourceTitle "playchess.com"]
[Source "ChessBase"]
[SourceQuality "1"]
[TimeControl "40/5400+30:1800+30"]

1. e4 c5 2. Nf3 Nc6 3. c3 Nf6 4. Bd3 e5 5. Bc2 d5 6. d3 {[%emt 0:05:22] B22: Sicilian: 2 c3.} Be7 7. h3 {[%emt 0:00:49] [#]} a6 $146 ({Predecessor:} 7... O-O 8. O-O d4 9. Nbd2 Ne8 10. Nc4 Qc7 11. Qe2 b5 12. Ncd2 Nd6 13. a4 b4 {0-1 Khan,T (2019)-Colpe,M (2367) Titled Tuesday intern op 28th Jun Late blitz 2022 (5)}) 8. O-O {[%emt 0:03:09] The position is equal.} O-O 9. a4 b6 10. Nbd2 d4 11. Nh2 (11. Nc4 $11) 11... Be6 $15 12. Re1 Ra7 13. Ndf1 (13. Nhf3 $11) 13... Rd7 14. c4 Bd6 15. Bg5 h6 16. Bd2 Kh7 17. Ng3 g6 18. Qc1 Ng8 19. Bd1 h5 20. Nf3 (20. a5 $11) 20... f6 $17 21. Be2 Re8 (21... Rdf7 {seems wilder.} 22. Nh4 Nge7 23. Rf1 Rh8) 22. Nh4 Bf7 (22... Nge7 {with more complications.} 23. Ra3 Rh8 24. Rf1 Kg7) 23. Nf3 Bf8 24. Bd1 Bh6 (24... a5 $17) 25. Rf1 (25. a5 $15) 25... Qc7 (25... a5 $17) 26. Nh4 (26. a5 $11 {keeps the balance.}) 26... Nce7 ({Black should play} 26... a5 $17) 27. Qc2 (27. a5 $15) 27... Nc6 28. Qc1 $1 Nb4 {[%emt 0:00:47] White is on the road to losing.} 29. Be2 Bf4 30. Qd1 Nc6 31. Qc1 Nh6 32. Bd1 Rde7 33. Rb1 Nb4 34. Be2 Rg8 35. Qe1 a5 {[%emt 0:08:56] Black is much more active. The white rooks are badly placed.} 36. Qd1 Qd7 37. b3 Be6 38. Nf3 {[%emt 0:02:49] [#]} (38. Kh2 {was called for.}) 38... Bxh3 $1 $19 {[%emt 0:01:25][%mdl 576] Demolition} 39. gxh3 (39. Qc1 Bxd2) 39... Qxh3 40. Nh2 f5 ({Weaker is} 40... Bxg3 41. fxg3 Qxg3+ 42. Kh1 $14) (40... Nxd3 41. Bxd3 Bxg3 42. fxg3 $17) 41. Re1 (41. Bf3 $142 Nxd3 42. Bg2 Nxf2 43. Bxh3 Nxd1 44. Rbxd1 Bxg3 45. exf5 gxf5 46. Bxf5+ Nxf5 47. Rxf5 Bf4+ 48. Kf2) 41... Bxg3 42. fxg3 Qxg3+ 43. Kh1 {[%emt 0:00:12] Threatens to win with Rg1.} Nxd3 $40 {[%emt 0:00:37][%mdl 128] White is in trouble.} (43... Ng4 $142 44. Bxg4 Nxd3) 44. Bxd3 Qxd3 45. Bxh6 $2 (45. Bg5 Qxd1 46. Rbxd1) 45... Qxd1 ({But not} 45... fxe4 46. Qxd3 exd3 47. Bg5 $18) 46. Rbxd1 {[%emt 0:00:07] Strongly threatening Bg5.} Kxh6 47. Nf3 f4 48. Kg2 g5 49. Rh1 g4 50. Nh4 {[%emt 0:00:08] Black must now prevent Nf5+.} Kg5 51. Rdg1 Rf8 {[%emt 0:01:45] ...f3+ would be deadly.} 52. Kf2 (52. Nf3+ $142 gxf3+ 53. Kxf3+ Kh6 54. Rh2) 52... Rh7 $2 (52... g3+ 53. Kg2 $11) (52... f3 53. Rh2 Rf4) 53. Rg2 $2 (53. Nf3+ Kf6 54. Nd2) 53... f3 54. Rgg1 Rf4 {[%emt 0:01:42] And now ...Rhf7 would win.} 55. Rg3 Rhf7 56. Nf5 Rxe4 57. Nd6 Re2+ {[%emt 0:00:08] Black mates.} 58. Kf1 Rf8 59. Rhg1 d3 {[%emt 0:00:19] Weighted Error Value: White=0.76/Black=0.27 (precise)} 0-1

[Event "DFMM-LV 2023"]
[Site "Braunfels"]
[Date "2023.06.09"]
[Round "3.19"]
[White "Kostak, Tetyana"]
[Black "Barpiyeva, Gulsana"]
[Result "0-1"]
[Annotator "TA"]
[ECO "A04"]
[WhiteElo "2117"]
[BlackElo "2023"]
[PlyCount "68"]
[EventDate "2023.06.09"]
[EventType "team-tourn"]
[EventCountry "GER"]
[SourceTitle "playchess.com"]
[Source "ChessBase"]
[SourceQuality "1"]
[TimeControl "40/5400+30:1800+30"]

1. Nf3 c5 2. e4 e6 3. d3 Nc6 4. g3 d6 5. Bg2 g6 6. O-O Bg7 7. c3 Nge7 8. Re1 O-O {[%emt 0:00:40] 8...e5 is the modern continuation.} 9. Nbd2 Rb8 10. a4 b5 {[%emt 0:03:55] A04: Unusual lines after 1 Nf3 and King's Indian Attack.} (10... e5 $11) 11. axb5 $14 Rxb5 12. Nc4 {[%emt 0:02:31] [#]} d5 $146 {[%emt 0:12:05] White is slightly better.} ({Predecessor:} 12... e5 13. Qa4 Rb7 14. Nfd2 Qc7 15. Nf1 Bd7 16. Qa6 Bc8 17. Qa3 Bd7 18. Nfe3 Re8 {½-½ Ralis,P (2203)-Pospech,R (2066) CZE-chT2A 1516 2015 (10.4)}) 13. Na3 Rb6 14. e5 Qc7 15. Qe2 Ba6 (15... a5 $15) 16. Nc2 $11 d4 17. c4 (17. cxd4 $14 cxd4 18. Ncxd4) 17... Rd8 18. Qe4 (18. Bg5 h6 19. Bd2 (19. Bf6 Rxb2 20. Qd1 Bb7 $17) 19... Bb7 $15) ({Better is} 18. b3 $11) 18... Bb7 $15 19. Qe2 Qb8 20. Na3 a6 21. Rb1 (21. Nb1 $15) 21... Qa8 {[%emt 0:03:54] Black is more active.} (21... h6 $17 22. h4 Na5) 22. Bg5 h6 23. Bf6 Rb8 24. Nd2 Qa7 25. Bxg7 (25. b3 $11) 25... Kxg7 26. Ne4 (26. Qf3 Nxe5 27. Qe2 Nd7 $17) 26... Rb3 27. Nd6 (27. Nd2 $1 $11 {was the only way to keep the balance.} Rb6 28. Ne4 (28. Qf3 Nxe5 29. Qe2 Nd7 $17)) 27... Ba8 $17 28. g4 $2 {[%emt 0:01:02] Dodges Nf5} (28. Qc2 $17 R3b6 29. f4) 28... Nb4 29. Nab5 $2 (29. Bxa8 Qxa8 30. Red1) 29... axb5 $19 30. Ra1 {[%emt 0:00:07] [#]} Qd7 31. Rxa8 $17 Rxa8 32. Bxa8 Nxd3 (32... Rxd3 33. cxb5 Qa7 34. Be4 $16) ({Black should try} 32... bxc4 $1 $17 33. Qf3 Ng8) 33. Qf3 $15 {[%emt 0:00:30] [#]} Ng8 {[%emt 0:00:30] Prevents Qf6+. A dynamic duo of knights.} (33... Nxe1 $2 34. Qxf7+ Kh8 35. Ne8 $18) (33... Nxe5 $1 $17 34. Qxb3 Qxd6 35. cxb5 g5) 34. Rd1 $2 {[%emt 0:00:30] [#]} (34. Ra1 $11 {and White has nothing to worry.}) 34... Nb4 $4 {[%emt 0:00:30][%mdl 40960] A cool game by Barpiyeva.   Weighted Error Value: White=0.58/Black=0.51. Loss on time!?} 0-1

[Event "DFMM-LV 2023"]
[Site "Braunfels"]
[Date "2023.06.09"]
[Round "3.20"]
[White "Lukas, Anne"]
[Black "Valkova, Angelika"]
[Result "0-1"]
[Annotator "TA"]
[ECO "D02"]
[WhiteElo "2057"]
[BlackElo "2062"]
[PlyCount "120"]
[EventDate "2023.06.09"]
[EventType "team-tourn"]
[EventCountry "GER"]
[SourceTitle "playchess.com"]
[Source "ChessBase"]
[SourceQuality "1"]
[TimeControl "40/5400+30:1800+30"]

1. Nf3 d5 2. g3 Nd7 3. d4 Nb6 4. Bg2 Bf5 5. c3 e6 {[%emt 0:00:34] [#]} 6. Nbd2 $146 {[%emt 0:02:00][%cal Oe2e4] D02: 1 d4 d5 2 Nf3 sidelines, including 2...Nf6 3 g3 and 2...Nf6 3 Bf4.} ({Predecessor:} 6. O-O Be7 7. Re1 Nf6 8. Bf4 O-O 9. Nh4 Re8 10. Nxf5 exf5 11. Nd2 Bd6 12. Bg5 {0-1 Biastoch,B (2232)-Santos Ruiz,M (2587) Titled Tuesday intern op 15th Nov Early blitz 2022 (3)}) 6... h6 7. O-O Nf6 8. Re1 {[%emt 0:01:08] The position is equal.} Bd6 9. c4 c5 (9... dxc4 $2 10. e4 Bh7 11. e5 $18) (9... Be7 $11 {remains equal.}) 10. cxd5 exd5 11. Nh4 Bg4 12. h3 g5 (12... Be6 $16) 13. Nhf3 (13. hxg4 $18 {and the rest is easy.} gxh4 14. e4 hxg3 15. e5 (15. exd5+ Kf8 $14) 15... gxf2+ 16. Kxf2) 13... Bf5 $16 14. dxc5 Bxc5 15. Nb3 Bd6 16. Nfd4 Be4 17. Bd2 (17. Nd2 $16) 17... Na4 18. Rb1 Bxb1 (18... Qd7 $11) 19. Qxb1 $14 {[%emt 0:00:04] e4 is the strong threat.} Be5 $2 (19... Qd7 $14) 20. Qf5 {[%emt 0:03:53][%mdl 1024] White has strong compensation.} Qd6 21. Nb5 $2 (21. e4 $1 $18 dxe4 22. Bxe4) 21... Qe6 $11 22. Qf3 (22. e4 $11 dxe4 23. Bxe4) 22... Ne4 $1 $15 ({Much less strong is} 22... Nxb2 23. Nc5 Qb6 24. Nd3 $14) 23. Be3 O-O {[%emt 0:04:45] Threatens to win with ...f5.} 24. N5d4 (24. N3d4 $15 Qg6 25. Nf5) 24... Qf6 ({Black should try} 24... Qg6 $17 25. Bc1 f5) 25. Nf5 ({Better is} 25. Qg4 $15) 25... Nxb2 $17 26. g4 (26. Nc5 $17 Nxc5 27. Bxc5) 26... Nc4 27. Bd4 (27. Bc5 $17) 27... Rfd8 $19 28. Qd3 Bxd4 29. Nbxd4 Ncd6 30. Bxe4 dxe4 31. Qb3 Nxf5 32. Nxf5 b6 33. Qa4 Qc3 34. Rb1 Qxh3 $2 (34... Rd2 $17 35. Qxe4 (35. Nxh6+ $2 Kf8 $17) 35... Rad8) 35. Qxe4 $11 Re8 $2 (35... Rac8 $11 36. Ne7+ Kg7) 36. Qc4 $4 (36. Qd4 $18 {[%csl Gf5][%cal Rd4g7] was the only winning move.} f6 37. Rb3 (37. Qxf6 Qxg4+ 38. Kh2 Qf4+ 39. Kg1 Qg4+ 40. Kf1 Qh3+ 41. Kg1 Qg4+ $11) 37... Qxb3 38. axb3) 36... Rac8 $2 (36... Rad8 $19 {Strongly threatening ...Rd2.} 37. f3 Re5) 37. Ne7+ $1 {[%emt 0:00:05][%mdl 64] Deflection} Rxe7 38. Qxc8+ {[%emt 0:00:04][%mdl 4096] Endgame KQR-KQR} Kg7 {[%emt 0:00:27] And now ...Re4 would win.} 39. Rb3 Qh4 $36 {[%emt 0:00:11][%mdl 2048] White is under pressure.} 40. Qc3+ (40. Rf3 $11) 40... f6 $17 41. Qf3 {[%emt 0:30:32] [#]} Rc7 (41... h5 $1 $17 {...Rc7 would be deadly.} 42. gxh5 Re4) 42. Rb1 {[%emt 0:00:00] [#]} (42. Rc3 $11 {keeps the balance.} Rxc3 43. Qb7+ Kh8 44. Qa8+ Rc8 45. Qxc8+ Kg7 46. Qd7+ Kh8 47. Qc8+ Kh7 48. Qd7+ Kg8 49. Qe8+ Kg7 50. Qd7+ Kh8 51. Qe8+ Kg7 52. Qd7+) 42... Rc4 ({Black should play} 42... h5 $1 $17 43. gxh5 Rc4) 43. e4 $2 ({Only move:} 43. Qb7+ $1 $15 Kg6 44. f3) 43... h5 $1 $19 44. Rd1 $2 (44. gxh5 {only move.} Rxe4 45. a3) 44... Qxg4+ 45. Qxg4 hxg4 {[%emt 0:00:03] KR-KR} 46. Rd7+ Kg6 47. Rxa7 Rxe4 48. Rb7 Rb4 49. a4 Kf5 50. Kg2 Kf4 {[%emt 0:01:10] Hoping for ...g3.} 51. Rd7 f5 52. Rd6 g3 53. fxg3+ Kg4 54. Rd2 Rxa4 55. Rb2 Rc4 56. Kh2 {[%emt 0:00:00] [#]} b5 $1 {[%emt 0:02:01][%cal Bb6b5,Bb5b4][%mdl 32] Black mates.} 57. Kg2 b4 58. Kh2 f4 59. gxf4 gxf4 60. Kg2 f3+ {[%emt 0:00:38] What a fight!   Weighted Error Value: White=0.82/Black=0.49.  Loses game:     	White=1     	Black=2      Missed win:     	White=2     	Black=1      Mistake:       	White=10    	Black=7      Inaccurate:     	White=4     	Black=1      OK:         	White=10    	Black=9      Best:        	White=2     	Black=5      Strong:       	---       	Black=2      Brilliant:      	---       	---} 0-1

[Event "DFMM-LV 2023"]
[Site "Braunfels"]
[Date "2023.06.09"]
[Round "3.21"]
[White "Gheng, Simona"]
[Black "Buchholz, Maja Patricia"]
[Result "1-0"]
[Annotator "TA"]
[ECO "C03"]
[WhiteElo "1918"]
[BlackElo "1899"]
[PlyCount "89"]
[EventDate "2023.06.09"]
[EventType "team-tourn"]
[EventCountry "GER"]
[SourceTitle "playchess.com"]
[Source "ChessBase"]
[SourceQuality "1"]
[TimeControl "40/5400+30:1800+30"]

1. e4 e6 2. d4 d5 3. Nd2 Be7 4. Ngf3 c5 5. exd5 Qxd5 6. Bc4 {[%emt 0:01:44][%cal Bf1c4,Bc4b5,Bb5d3][%mdl 32] C03: French Tarrasch: Unusual Black 3rd moves.} Qc6 7. O-O Nf6 {[%emt 0:01:27][%cal Bg8f6,Bf6d7,Bd7e5,Be5d3][%mdl 32] [#]} 8. Ne5 $146 {[%emt 0:03:03] White is slightly better.} ({Predecessor:} 8. Qe2 O-O 9. Nb3 cxd4 10. Nbxd4 Qc7 11. Nb5 Qb6 12. Bf4 Nc6 13. c3 a6 14. Nd6 {0-1 Kuerschner,M (1893)-Blomer,M (1656) GER-ch Net blitz qual4 2021 (5)}) 8... Qc7 9. Bb5+ Nbd7 10. Nxd7 (10. Nb3 {with more complications.} cxd4 11. Bf4 Qb6 12. Be2) 10... Nxd7 11. dxc5 (11. Ne4 {is interesting.} O-O 12. Be3 cxd4 13. Qxd4 a6 14. Be2) 11... Qxc5 12. Bd3 O-O 13. Ne4 Qd5 14. Qe2 Ne5 15. Nc3 Qa5 16. Rd1 (16. Qh5 g6 17. Qh3 Nxd3 18. Qxd3 b6 $15) (16. Be4 $142 $1) 16... Nxd3 17. Rxd3 Rd8 18. Bd2 Qb6 19. Nd5 Rxd5 20. Rxd5 {[%emt 0:04:45] And now Rd3 would win.} Qxb2 21. Re1 exd5 22. Qxe7 Be6 (22... Qxc2 $2 23. Qe8#) 23. Bb4 Qxc2 (23... Qxa2 24. Qxb7 Re8 25. Qc6 $11) 24. Qxb7 Qc8 25. Qe7 h6 26. h3 Rb8 27. a3 Rb7 28. Qh4 Rd7 29. Rd1 Qc2 30. Qd4 Rc7 31. Rd2 Qc6 32. h4 Qc4 (32... Qc1+ {simplifies} 33. Rd1 Qc2 34. Qd3 Qxd3 35. Rxd3 Rc1+) 33. g3 Kh7 (33... Qb3 $17 {Strongly threatening ...Rc1+.} 34. Kg2 Rc1) 34. Kg2 Qc1 35. Bf8 {[%emt 0:02:08][%csl Gf8][%cal Rd4g7] [#]} Bh3+ $2 {[%emt 0:06:43][%mdl 8192] [#] This move loses the game for Black.} 36. Kh2 $1 $18 (36. Kxh3 $2 Qh1+ 37. Kg4 Rc4 $19) 36... f6 {[%emt 0:04:11] [#]} (36... f5 $2 37. Rd1 (37. Kxh3 $2 Qh1#) 37... Qc2 38. Kxh3 $18) 37. Rd1 $1 (37. Kxh3 $2 Qh1+ 38. Kg4 Rc4 $19) 37... Qc2 38. Kxh3 Qf5+ 39. g4 Qf3+ 40. Kh2 Rc3 {[%emt 0:01:25] Against Qd3+} 41. Bd6 (41. Qxd5 $2 {perishes.} Qxf2+ 42. Qg2 Qxh4+ 43. Kg1 Rg3 $19) (41. Kg1 Rc4 42. Qd3+ (42. Qxd5 $2 Rxg4+ 43. Kf1 Re4 $19) 42... Qxd3 43. Rxd3 Kg8 $18) 41... g5 $2 (41... Qh3+ 42. Kg1 Rc4) 42. hxg5 (42. Qxd5 $2 Qxf2+ 43. Qg2 Rh3+ 44. Kxh3 Qxh4#) 42... hxg5 43. Qxa7+ (43. Qxd5 $2 {leads to mate.} Qxf2+ 44. Qg2 Rh3+ 45. Kxh3 Qh4#) 43... Kh6 $2 (43... Kg6 $18 44. Qd4 Kg7) 44. Bf8+ Kg6 45. Qg7# {[%emt 0:17:41] A cool game by Gheng.   Weighted Error Value: White=0.33/Black=0.37} 1-0

[Event "DFMM-LV 2023"]
[Site "Braunfels"]
[Date "2023.06.09"]
[Round "3.22"]
[White "Frank, Michelle Viviane"]
[Black "Heil, Marina"]
[Result "0-1"]
[Annotator "NA RC COMBH"]
[ECO "C41"]
[WhiteElo "1857"]
[BlackElo "1866"]
[PlyCount "96"]
[EventDate "2023.06.09"]
[EventType "team-tourn"]
[EventCountry "GER"]
[SourceTitle "playchess.com"]
[Source "ChessBase"]
[SourceQuality "1"]
[TimeControl "40/5400+30:1800+30"]

1. e4 d6 2. d4 Nf6 3. Nc3 Nbd7 4. Nf3 e5 5. Bc4 Be7 6. dxe5 dxe5 7. Bxf7+ Kxf7 8. Ng5+ Kg8 9. Ne6 Qe8 10. Nxc7 Qg6 11. Nxa8 Qxg2 12. Rf1 Nc5 13. Bg5 Bh3 14. Qe2 Qxg5 15. Qc4+ Be6 16. Nd5 Nfxe4 17. Rd1 b6 18. b4 Nd6 19. h4 Nxc4 20. hxg5 Bxd5 21. Rxd5 Na6 22. b5 Kf7 23. bxa6 Rxa8 24. Rd7 Ke6 25. Rc7 Na3 26. Ke2 Nb5 27. Rb7 Nd4+ 28. Ke3 Bxg5+ 29. f4 Bxf4+ 30. Rxf4 Nxc2+ 31. Kd2 exf4 32. Kxc2 Kf6 33. Kd3 Re8 34. Rxa7 Re3+ 35. Kd4 Ra3 36. Ra8 Kf7 37. Ra7+ Kg6 38. Ra8 Rxa2 39. Kc4 f3 40. Kb5 Rb2+ 41. Kc6 Kg5 42. Rg8 f2 43. Rf8 Kg4 44. a7 Ra2 45. Kxb6 Kg3 46. Rf5 h6 47. Ra5 Rxa5 48. Kxa5 f1=Q 0-1

[Event "DFMM-LV 2023"]
[Site "Braunfels"]
[Date "2023.06.09"]
[Round "3.23"]
[White "Roesler, Hannah Clara"]
[Black "Froehlich-Dill, Astrid"]
[Result "1/2-1/2"]
[Annotator "NA RC COMBH"]
[ECO "B00"]
[WhiteElo "1748"]
[BlackElo "1762"]
[PlyCount "151"]
[EventDate "2023.06.09"]
[EventType "team-tourn"]
[EventCountry "GER"]
[SourceTitle "playchess.com"]
[Source "ChessBase"]
[SourceQuality "1"]
[TimeControl "40/5400+30:1800+30"]

1. e4 e6 2. d4 b6 3. Nf3 Bb7 4. Bd3 Nf6 5. Qe2 Be7 6. O-O c5 7. e5 Nd5 8. c4 Nb4 9. Be4 Bxe4 10. Qxe4 N8c6 11. a3 Na6 12. d5 Na5 13. d6 Bf8 14. Nbd2 Rb8 15. Re1 f6 16. Qg4 f5 17. Qh3 g6 18. Nf1 Bg7 19. Bg5 Qc8 20. Ng3 h6 21. Bf6 O-O 22. Bxg7 Kxg7 23. Nd2 b5 24. b3 bxc4 25. bxc4 Rb2 26. Red1 Qb7 27. Ne2 Nxc4 28. Nxc4 Rxe2 29. Qd3 Qe4 30. Rab1 Qxd3 31. Rxd3 Re4 32. Nd2 Rxe5 33. Kf1 Rd5 34. Rxd5 exd5 35. Rb7 Rd8 36. Rxa7 Nb8 37. Ke2 Kf6 38. Nb3 Nc6 39. Rb7 Ke5 40. Nxc5 Kxd6 41. Nd3 Ra8 42. Nf4 g5 43. Nh5 Rxa3 44. Ng7 Nd4+ 45. Kd2 f4 46. Rb6+ Nc6 47. Nf5+ Kc5 48. Rb7 Ra2+ 49. Ke1 Ne5 50. Rc7+ Kb4 51. Nxh6 d4 52. Nf5 d3 53. Nd4 Nc4 54. Rb7+ Kc3 55. Nb5+ Kc2 56. Nd4+ Kc3 57. Nb5+ Kb4 58. Nd6+ Kc5 59. Nxc4 Kxc4 60. Rxd7 Re2+ 61. Kf1 Kc3 62. f3 Rb2 63. Rc7+ Kd2 64. Kf2 Rc2 65. Ra7 Kc1+ 66. Kf1 d2 67. Ra1+ Kb2 68. Rd1 Rc1 69. Ke2 Rxd1 70. Kxd1 Kc3 71. g3 fxg3 72. hxg3 Kd3 73. f4 gxf4 74. gxf4 Ke4 75. f5 Kxf5 76. Kxd2 1/2-1/2

[Event "DFMM-LV 2023"]
[Site "Braunfels"]
[Date "2023.06.09"]
[Round "3.24"]
[White "von Beckh, Frieda"]
[Black "Sokyrko, Sofiia"]
[Result "0-1"]
[Annotator "NA RC COMBH"]
[ECO "C40"]
[WhiteElo "1672"]
[BlackElo "1503"]
[PlyCount "80"]
[EventDate "2023.06.09"]
[EventType "team-tourn"]
[EventCountry "GER"]
[SourceTitle "playchess.com"]
[Source "ChessBase"]
[SourceQuality "1"]
[TimeControl "40/5400+30:1800+30"]

1. e4 e5 2. Nf3 d5 3. exd5 e4 4. Qe2 Nf6 5. Nc3 Be7 6. Nxe4 O-O 7. d4 Nxe4 8. Qxe4 Bb4+ 9. c3 Re8 10. Ne5 f6 11. cxb4 fxe5 12. dxe5 Nd7 13. f4 Nf6 14. Qd4 Nxd5 15. Bc4 c6 16. O-O Qe7 17. Bxd5+ cxd5 18. Qxd5+ Be6 19. Qc5 Qf7 20. Be3 Rec8 21. Qd4 Rc4 22. Qd2 Qe8 23. Bc5 Rd8 24. Bd6 Qg6 25. b3 Rc2 26. f5 Bxf5 27. Qd5+ Kh8 28. Qf3 Be6 29. Rf2 Rdc8 30. Raf1 Rxf2 31. Qxf2 h6 32. Qf3 Rc2 33. a3 Rb2 34. Re1 Kh7 35. Qxb7 Bh3 36. g3 Bg2 37. Qxa7 Bd5 38. Bc5 Rg2+ 39. Kf1 Qd3+ 40. Re2 Qxe2# 0-1

[Event "DFMM-LV 2023"]
[Site "Braunfels"]
[Date "2023.06.09"]
[Round "3.25"]
[White "Birkholz, Olga"]
[Black "Rath, Alina"]
[Result "1/2-1/2"]
[Annotator "TA"]
[ECO "B13"]
[WhiteElo "2005"]
[BlackElo "2051"]
[PlyCount "51"]
[EventDate "2023.06.09"]
[EventType "team-tourn"]
[EventCountry "GER"]
[SourceTitle "playchess.com"]
[Source "ChessBase"]
[SourceQuality "1"]
[TimeControl "40/5400+30:1800+30"]

1. d4 d5 2. Bf4 c5 3. e3 cxd4 4. exd4 Nc6 5. c3 Bf5 6. Bd3 {[%emt 0:00:19] B13: Caro-Kann: Exchange Variation and Panov-Botvinnik Attack.} Bxd3 7. Qxd3 Nf6 8. Nd2 e6 9. Ngf3 Bd6 10. Bg3 Rc8 11. O-O Bxg3 12. hxg3 O-O 13. Rfe1 {[%emt 0:04:16] [#]} a6 $146 ({Predecessor:} 13... Re8 14. Ne5 Nxe5 15. Rxe5 Qb6 16. Nb3 g6 17. Re2 Qd6 18. Nd2 Nd7 19. f4 a6 {0-1 Weigel,M (1600)-Ritzenthaler,S (2037) St Chely d'Aubrac op 5th 2005 (5)}) 14. Ne5 Qd6 (14... Nxe5 {simplifies} 15. Rxe5 g6 16. Ree1 Kg7) 15. g4 Nd7 16. Nxd7 Qxd7 17. Re3 Na5 18. Rh3 {[%emt 0:03:46][%csl Gh3][%cal Rd3h7] [#]} g6 19. b3 {[%emt 0:04:18] White is more active.} f6 20. Re1 Nc6 21. f4 Rce8 22. Nf3 Re7 23. Qd2 Qc7 24. Rf1 Rc8 25. g5 f5 26. Re1 {[%emt 0:03:15] Weighted Error Value: White=0.07 (flawless) /Black=0.10 (very precise)} 1/2-1/2

[Event "DFMM-LV 2023"]
[Site "Braunfels"]
[Date "2023.06.09"]
[Round "3.26"]
[White "Skogvall, Martina"]
[Black "Stangl, Anita"]
[Result "0-1"]
[Annotator "TA"]
[ECO "C02"]
[WhiteElo "1979"]
[BlackElo "2009"]
[PlyCount "76"]
[EventDate "2023.06.09"]
[EventType "team-tourn"]
[EventCountry "GER"]
[SourceTitle "playchess.com"]
[Source "ChessBase"]
[SourceQuality "1"]
[TimeControl "40/5400+30:1800+30"]

1. e4 e6 2. d4 d5 3. e5 c5 4. Qg4 cxd4 5. Bd3 Nc6 6. Nf3 f5 7. Qg3 Bd7 8. O-O {[%emt 0:00:21][%mdl 1024] White has compensation. C02: French: Advance Variation.} Qb6 {[%emt 0:01:06] [#]} 9. b3 $146 (9. Nbd2 $11) ({Predecessor:} 9. a3 a5 10. Nbd2 a4 11. Re1 Nh6 12. Nf1 g6 13. Bg5 Nf7 14. Bf6 Rg8 15. Ng5 Nxg5 16. Qxg5 {0-1 Novoselski,Z (2318)-Stromboli,E (2308) EU-ch Online 2300+ Final 2020 (2)}) 9... g6 (9... Nh6 $15) 10. a3 $11 {[%emt 0:08:47] The position is equal.} a5 11. Re1 Nge7 12. Bg5 Bg7 13. h4 (13. Bf6 {is more complex.} O-O 14. Qh4 Rae8 15. Nbd2) 13... Rg8 (13... h6 $11 {was preferrable.} 14. Bxe7 Nxe7) 14. Nbd2 h6 15. Bf6 (15. Bf4 {simplifies} Bf8 16. Red1 Bg7 17. Rab1) 15... Kf7 (15... Qc7 {simplifies} 16. Bxg7 Rxg7 17. b4 axb4 18. axb4 Rxa1 19. Rxa1 Nxb4 20. Nb3 Nxd3 21. cxd3 Rg8) 16. Qf4 Bxf6 17. exf6 Kxf6 18. Qxh6 Qc7 $1 19. Qg5+ ({Better is} 19. Ng5 $14 e5 20. Ndf3) 19... Kf7 (19... Kg7 $11) 20. h5 (20. b4 $14 {keeps the upper hand.}) 20... e5 (20... Rh8 $17 21. h6 Ng8) 21. Nh4 ({Don't go for} 21. Nxe5+ $2 Nxe5 22. Be2 Rg7 $19) (21. Qg3 $11 gxh5 22. Nxe5+ Nxe5 23. Qxe5 Qxe5 24. Rxe5) 21... e4 22. hxg6+ Nxg6 23. Nxf5 (23. Qh5 $2 Nce7 24. Nxg6 Nxg6 25. Nxe4 dxe4 $19) (23. Nxe4 $1 $15 fxe4 24. Qxd5+ Be6 25. Qxe4) 23... Rh8 $4 {[%emt 0:00:41][%mdl 8192] [#] Really sharp!} (23... exd3 $17 24. Nh6+ {[%mdl 64] Discovered Attack, Double Attack} Kg7 25. Nxg8 Rxg8 26. cxd3 Qd6) 24. g3 $2 {[%emt 0:03:50][%mdl 8192] White does not recover from this.} exd3 $19 25. Nf3 $2 (25. cxd3 {was forced.} Rh7 26. Nf3 (26. Nh4 $2 Nf4 $19)) 25... d2 26. Re2 Rh7 {[%emt 0:01:27] Threatens to win with ...Rah8.} 27. N3h4 $2 (27. N5h4 Nf4 28. Qxf4+ (28. gxf4 $2 {is the wrong capture.} Rg7 $19) 28... Qxf4 29. gxf4 Rg8+ 30. Ng5+ Rxg5+ 31. fxg5 Rxh4 32. f3) 27... Nxh4 28. Re7+ Nxe7 29. Qxe7+ Kg6 30. Nxh4+ {[%emt 0:01:43] [#]} Rxh4 $1 31. gxh4 (31. Qxh4 Qxc2) 31... Qxc2 32. Qd6+ Kh5 {[%emt 0:01:19] Black mates.} 33. Qxd5+ Qf5 34. Qxf5+ Bxf5 35. Rd1 Rg8+ 36. Kh2 Kxh4 37. Rxd2 d3 38. f3 Rc8 {[%emt 0:00:40] Beautiful play by Stangl!   Weighted Error Value: White=1.10/Black=0.42} 0-1

[Event "DFMM-LV 2023"]
[Site "Braunfels"]
[Date "2023.06.09"]
[Round "3.27"]
[White "Braun, Kristin"]
[Black "Bazzazi, Elnaz"]
[Result "1-0"]
[Annotator "NA RC COMBH"]
[ECO "C54"]
[WhiteElo "1875"]
[BlackElo "1827"]
[PlyCount "69"]
[EventDate "2023.06.09"]
[EventType "team-tourn"]
[EventCountry "GER"]
[SourceTitle "playchess.com"]
[Source "ChessBase"]
[SourceQuality "1"]
[TimeControl "40/5400+30:1800+30"]

1. e4 e5 2. Nf3 Nc6 3. Bc4 Bc5 4. d3 Nf6 5. c3 d6 6. h3 h6 7. Nbd2 a6 8. Bb3 O-O 9. Rg1 d5 10. g4 dxe4 11. dxe4 g5 12. Qe2 b5 13. Nf1 Na5 14. Bc2 Nc4 15. Ng3 Nh7 16. b3 Nd6 17. Nxe5 Qf6 18. Bb2 Qxe5 19. O-O-O Qf4+ 20. Rd2 Bb7 21. e5 Rfe8 22. Qd3 Nf8 23. exd6 Bxf2 24. Nh5 Qe3 25. Nf6+ Kh8 26. c4 Qxd3 27. Nxe8+ Kg8 28. Nf6+ Kg7 29. Nd5+ f6 30. Bxf6+ Kf7 31. Rxf2 Qxh3 32. Bd4+ Ke6 33. Re1+ Kxd6 34. Rf6+ Kd7 35. Re7+ 1-0